 Dungeon Crawl Stone Soup version 0.22-a0-348-gd16d139 (webtiles) character file.

634340 xccam the Peltast (level 27, -3/219 HPs)
             Began as a Gnoll Wanderer on Apr 7, 2018.
             Was the Champion of Cheibriados.
             Killed from afar by a shadow dragon (48 damage)
             ... with a bolt of negative energy
             ... on level 2 of the Realm of Zot.
             The game lasted 03:59:10 (54040 turns).

xccam the Peltast (Gnoll Wanderer)                 Turns: 54040, Time: 03:59:14

Health: -3/219     AC: 37    Str: 38    XL:     27
Magic:  25/35      EV: 14    Int: 33    God:    Cheibriados [******]
Gold:   4375       SH: 39    Dex: 29    Spells: 46/60 levels left

rFire    + + .     SeeInvis +   W - +9 broad axe (freeze)
rCold    + + +     Gourm    .   a - +8 large shield
rNeg     . . .     Faith    .   u - +9 scales of the Dragon King {rPois rF+ rC+ MR+}
rPois    +         Spirit   .   V - +2 helmet {SInv}
rElec    .         Reflect  +   O - scarf {rC+ rF+}
rCorr    +         Harm     .   L - +2 pair of gloves {archery}
MR       +++..                  Z - +2 pair of boots {Fly}
Stlth    ..........             Y - +4 amulet of reflection
HPRegen  1.46/turn              N - ring of protection from cold
MPRegen  0.24/turn              R - ring of Tulips {rCorr rC++}

@: flying, regenerating, studying Shields, very heavily drained, very slow
A: distributed training, fangs 1, large bone plates 1, clumsy 2, low mp 2,
strong 1, no potion heal 1, strong nose
}: 5/15 runes: decaying, slimy, silver, abyssal, gossamer
a: Bend Time, Temporal Distortion, Slouch, Step From Time, Renounce Religion,
Stop Flying


You were on level 2 of the Realm of Zot.
You worshipped Cheibriados.
Cheibriados was exalted by your worship.
You were very hungry.

You visited 10 branches of the dungeon, and saw 49 of its levels.
You visited the Abyss 1 time.
You also visited: Ice Cave and Desolation.

You collected 7104 gold pieces.
You spent 2729 gold pieces at shops.

Inventory:

Hand Weapons
 E - the +6 hand crossbow "Wownies" {venom, Str+2 Int+3}
   (You took it off an imperial myrmidon in the Desolation of Salt)

   It poisons the ammo it fires.
   It affects your strength (+2).
   It affects your intelligence (+3).
 W - a +9 broad axe of freezing (weapon)
Missiles
 H - 1360 bolts
Armour
 a - a +8 large shield (worn)
 u - the +9 scales of the Dragon King (worn) {rPois rF+ rC+ MR+}
   (You found it on level 4 of the Swamp)

   It protects you from fire.
   It protects you from cold.
   It protects you from poison.
   It affects your resistance to hostile enchantments.
 L - a +2 pair of gloves of archery (worn)
 O - a scarf of resistance (worn)
 V - a +2 helmet of see invisible (worn)
 Z - a +2 pair of boots of flying (worn)
Jewellery
 e - the ring "Icoja" {Int+5 SInv}
   (You took it off a fire giant on level 5 of the Vaults)

   [ring of see invisible]

   It affects your intelligence (+5).
   It lets you see invisible.
 p - the amulet "Tikho" {-Tele +Rage Str+8 Dex+2}
   (You found it on level 5 of the Vaults)

   [amulet of rage]

   It affects your strength (+8).
   It affects your dexterity (+2).
   It lets you go berserk.
   It prevents most forms of teleportation.
 r - the macabre finger necklace {rN+}
   (You took it off a yellow draconian on level 1 of the Realm of Zot)

   [amulet of nothing]

   It protects you from negative energy.
 y - a cursed ring of loudness {unknown}
 I - the amulet "Wauceno" {Gourm rPois rC++ Int+4}
   (You took it off an imperial myrmidon in the Desolation of Salt)

   [amulet of the gourmand]

   It allows you to eat raw meat even when not hungry.
   It affects your intelligence (+4).
   It greatly protects you from cold.
   It protects you from poison.
 N - a ring of protection from cold (left hand)
 R - the ring of Tulips (right hand) {rCorr rC++}
   (You found it on level 5 of the Pits of Slime)

   [ring of resist corrosion]

   It greatly protects you from cold.
 S - the ring "Kuchuef" {rCorr +Inv rElec Str+5 Int-2}
   (You found it in the Desolation of Salt)

   [ring of resist corrosion]

   It affects your strength (+5).
   It affects your intelligence (-2).
   It insulates you from electricity.
   It lets you turn invisible.
 Y - a +4 amulet of reflection (around neck)
Wands
 o - a wand of scattershot (2)
 F - a wand of acid (21)
 J - a wand of iceblast (24)
 Q - a wand of digging (30)
Scrolls
 b - 2 scrolls of silence
 i - 31 scrolls of remove curse
 j - a scroll of fog
 l - 2 scrolls of summoning
 n - 6 scrolls of enchant armour
 q - 3 scrolls of fear
 s - 2 scrolls of holy word
 x - 17 scrolls of teleportation
 P - 7 scrolls of magic mapping
 U - 4 scrolls of blinking
Potions
 f - 6 potions of resistance
 g - 5 potions of might
 h - 11 potions of curing
 k - 11 potions of flight
 m - 3 potions of mutation
 t - 9 potions of heal wounds
 A - 2 potions of brilliance
 B - a potion of cancellation
 G - 7 potions of magic
 K - 3 potions of agility
 M - 10 potions of ambrosia
 X - 2 potions of invisibility
Books
 c - a manual of Shields
Miscellaneous
 T - a phantom mirror
Comestibles
 d - 71 rations


   Skills:
 + Level 18.7(11.5) Fighting
 + Level 18.4(11.2) Short Blades
 + Level 17.3(10.3) Long Blades
 + Level 17.3(10.3) Axes
 + Level 17.5(10.5) Maces & Flails
 + Level 17.3(10.3) Polearms
 + Level 17.3(10.3) Staves
 + Level 17.3(10.3) Slings
 + Level 17.3(10.3) Bows
 + Level 17.3(10.3) Crossbows
 + Level 17.5(10.5) Throwing
 + Level 18.2(11.1) Armour
 + Level 17.3(10.3) Dodging
 + Level 17.3(10.3) Stealth
 + Level 19.6(12.3) Shields
 + Level 17.3(10.3) Unarmed Combat
 + Level 17.3(10.3) Spellcasting
 + Level 15.0(8.3) Conjurations
 + Level 15.0(8.3) Hexes
 + Level 15.0(8.3) Charms
 + Level 15.0(8.3) Summonings
 + Level 15.0(8.3) Necromancy
 + Level 15.0(8.3) Translocations
 + Level 15.0(8.3) Transmutations
 + Level 15.0(8.3) Fire Magic
 + Level 15.0(8.3) Ice Magic
 + Level 15.0(8.3) Air Magic
 + Level 15.0(8.3) Earth Magic
 + Level 15.0(8.3) Poison Magic
 + Level 18.7(11.5) Invocations
 + Level 17.3(10.3) Evocations


You had 46 spell levels left.
You knew the following spells:

 Your Spells              Type           Power        Failure   Level  Hunger
a - Regeneration          Chrm/Necr      ######....   17%         3    None
b - Apportation           Tloc           ######       5%          1    None
c - Dispel Undead         Necr           ######..     83%         5    ##.....
d - Borgnjor's Vile Clut  Necr/Erth      ######....   83%         5    ##.....


Dungeon Overview and Level Annotations

Branches:
Dungeon (15/15)            Temple (1/1) D:4            Lair (6/6) D:8
  Swamp (4/4) Lair:4       Spider (4/4) Lair:3        Slime (5/5) Lair:6
    Orc (2/2) D:9             Elf (0/3) Orc:2        Vaults (5/5) D:13
  Crypt (0/3) Vaults:2     Depths (5/5) D:15            Zot (2/5) Depths:5

Altars:
Ashenzari
Cheibriados
Dithmenos
Fedhas
Gozag
Makhleb
Nemelex Xobeh
Okawaru
Ru
Sif Muna
Trog
Uskayaw
Wu Jian
Xom
Zin

Shops:
D:4 ?:[   D:10 [   Orc:2 %=!   Vaults:1 *   Vaults:5 (*   Depths:3 :*::(

Portals:
Hell: Depths:1 Depths:2 Depths:3 Depths:4 Depths:5
Abyss: Depths:4
Pandemonium: Depths:3 Depths:5
Ziggurat: Depths:4
Trove: D:12 (give +6 demon blade)

Annotations:
Depths:1 exclusion: obsidian statue


Innate Abilities, Weirdness & Mutations

Your experience applies equally to all skills.
You have very sharp teeth.
Your uncanny sense of smell can sniff out nearby items.
You are partially covered in large bone plates. (SH +4)
You are very clumsy. (Dex -4)
Your magical capacity is very low. (-20% MP)
Your muscles are strong. (Str +2)
Potions are less effective at restoring your health.


Message History

* * * LOW HITPOINT WARNING * * *
You slice the shadow dragon!! You freeze the shadow dragon.
The shadow dragon is severely wounded.
The shadow dragon breathes negative energy at you.
The bolt of negative energy hits you!
You feel drained.
* * * LOW HITPOINT WARNING * * *
Your system partially rejects the healing.
You feel much better.
You block the shadow dragon's attack. x3
You slash the shadow dragon!
The shadow dragon is severely wounded.
You block the shadow dragon's attack. x2
The shadow dragon claws you but does no damage.
You slice the shadow dragon!!
The shadow dragon is almost dead.
The shadow dragon bites you but does no damage.
You block the shadow dragon's attack.
The shadow dragon claws you but does no damage.
The shadow dragon breathes negative energy at you.
The bolt of negative energy hits you!
You feel drained.
You die...

**,#.......#...#.......#
*,,##.....##...##.....##
**,,##...###...###...##
,**,,##### #...# #####
,+,,##...###.).###...##
,*,##.....##...##.....##
**,#.......#...#.......#
**,#.......'...D....(..#
,,,#....)..#...#@......#
*,*##.....##..D##.....##
*,,,##[..###...###...##
**,,,##### #...# #####
,**,**,,,**#...#**,,,**
,,***,,,โˆ†,*#.รท.#*,,,,,**
,,**,,,,,,,#...#,,,,,,,*
,,**,,โˆ†,,,.(...',,,,,,,*
,***,,,,โˆ†..#..(#,,,,,,,*


You could see a shadow dragon.

Vanquished Creatures
  the Royal Jelly (Slime:5)
  Dissolution (Slime:3)
  An orb of fire (Zot:1)
  An ancient lich (Abyss:4)
  Mennas (Depths:5)
  Mara (Depths:1)
  Bai Suzhen (Vaults:4)
  Sojobo (Vaults:2)
  the Lernaean hydra (Swamp:4)
  A Killer Klown (Zot:2)
  Margery (Depths:3)
  A caustic shrike (Depths:2)
  Nikola (Swamp:3)
  6 golden dragons
  Jory (Vaults:4)
  the Enchantress (Depths:4)
  Arachne (Spider:4)
  2 bone dragons
  A hellephant (Abyss:5)
  A lich (Abyss:2)
  Rupert (Lair:6)
  An electric golem (Zot:1)
  9 tentacled monstrosities
  24 acid blobs
  3 titans (Vaults:5)
  2 Executioners (Abyss:4)
  Frances (Swamp:2)
  4 sphinxes
  5 tentacled starspawn
  Kirke (Lair:6)
  7 storm dragons
  A draconian monk (Depths:5)
  Roxanne (Spider:2)
  7 shadow dragons
  4 tengu reavers
  A ghost moth (shapeshifter) (Depths:1)
  17 azure jellies
  4 draconian knights
  9 fire giants
  6 vault wardens
  8 frost giants
  A cacodemon (Abyss:1)
  2 imperial myrmidons (Desolation)
  5 ghost moths
  2 iron dragons (Vaults:5)
  2 balrugs (Abyss:4)
  4 draconian shifters
  An orc warlord (Orc:1)
  Aizul (Vaults:1)
  A draconian scorcher (Zot:1)
  4 emperor scorpions
  4 spriggan defenders (Depths:4)
  A draconian stormcaller (Zot:2)
  6 caustic shrike skeletons (Depths:4)
  3 draconian annihilators (Zot:2)
  21 stone giants
  2 deep elf elementalists
  8 very ugly things
  10 ironheart preservers
  4 green draconians
  10 entropy weavers
  A vampire knight (Depths:5)
  An ophan (Abyss:5)
  6 purple draconians
  3 black draconians
  A deep elf annihilator (Vaults:5)
  A spark wasp (shapeshifter) (Depths:4)
  9 dire elephants
  5 yellow draconians
  4 white draconians
  5 spark wasps
  2 blizzard demons
  An ettin (shapeshifter) (Depths:2)
  17 ettins
  4 crystal guardians
  Snorg (Orc:2)
  10 ragged hierophants (Desolation)
  2 merfolk impalers (Depths:2)
  8 fire dragons
  A deep elf death mage (Vaults:5)
  7 death oozes
  2 deep elf high priests
  13 yaktaur captains
  17 great orbs of eyes
  21 ogre magi
  4 jiangshi
  7 ice dragons
  5 spriggan air magi
  A ghost crab (Swamp:4)
  11 rakshasas
  12 servants of whispers (Desolation)
  8 peacekeepers (Desolation)
  30 hydras
  29 vault guards
  7 alligators
  4 death knights
  10 centaur warriors
  5 tengu warriors
  55 two-headed ogres
  4 deep troll shamans
  11 thrashing horrors
  A queen ant (Spider:2)
  4 vampire magi
  9 deep troll earth magi
  13 spriggan berserkers
  A hell hog (Abyss:1)
  10 death yaks
  2 deep elf knights
  52 spriggans
  An orc high priest (Orc:2)
  2 sun demons (Depths:1)
  2 shock serpents (shapeshifter)
  5 soul eaters
  8 wretched stars
  4 spatial maelstroms
  2 sixfirhies
  7 skeletal warriors
  An infernal demonspawn (Depths:3)
  4 shadow wraiths
  An unseen horror (shapeshifter) (Vaults:5)
  12 hell knights
  5 unseen horrors
  3 shadow demons
  12 deep trolls
  24 large abominations
  A deep elf archer (Vaults:4)
  A quicksilver dragon simulacrum (Abyss:1)
  7 spriggan druids (Depths:4)
  7 glowing orange brains
  13 swamp dragons
  A wizard (Vaults:2)
  2 lindwurms (Lair:6)
  18 ironbrand convokers
  8 necromancers
  2 flayed ghosts
  9 harpies
  2 shambling mangroves
  3 phantasmal warriors
  10 orb spiders
  6 wolf spider zombies (Spider:1)
  5 deep elf magi
  A sphinx zombie (D:15)
  24 wolf spiders
  16 orc knights
  5 shining eyes
  4 orc sorcerers
  3 manticores
  7 cyclopes
  A stone giant zombie (D:15)
  83 slime creatures
  34 ugly things
  11 moths of wrath
  A fire giant zombie (D:15)
  Joseph (D:7)
  6 worldbinders
  2 ice statues (IceCv)
  3 centaur zombies
  4 elephants
  2 rust devils
  7 smoke demons
  2 apocalypse crabs (Abyss:4)
  3 guardian serpents
  11 vault sentinels
  A water nymph (shapeshifter) (Depths:5)
  4 torpor snails
  A spiny frog (shapeshifter) (Vaults:2)
  4 gargoyles
  5 eyes of devastation
  11 spiny frogs
  3 orange demons
  3 kobold demonologists (D:12)
  A hellion (Abyss:4)
  30 yaktaurs
  3 centaur skeletons
  15 demonic crawlers
  11 redback zombies
  14 komodo dragons
  9 ancient zymes
  7 rime drakes
  2 hellwings
  An efreet (Abyss:5)
  6 freezing wraiths
  An ice devil (Depths:1)
  3 tengu conjurers
  A tormentor (Abyss:4)
  36 hornets
  3 red devils
  A guardian mummy (D:15)
  7 trolls
  A harpy zombie (D:15)
  Prince Ribbit (D:7)
  A queen bee (Lair:1)
  13 tyrant leeches
  62 saltlings (Desolation)
  14 tarantella zombies (Spider:1)
  22 bog bodies
  3 harpy skeletons
  28 jumping spiders
  2 meliai zombies
  29 raiju
  A hornet (shapeshifter) (Depths:2)
  A deep troll zombie (D:15)
  2 dream sheep (Lair:6)
  4 blink frogs
  13 hippogriffs
  An ettin zombie (Abyss:1)
  41 tarantellas
  95 redbacks
  4 flying skulls
  3 ynoxinuls
  5 water elementals
  6 shadows
  36 yaks
  4 vampires
  3 wraiths
  2 humans (Lair:6)
  2 wyverns
  A hog (Lair:6)
  7 golden eyes
  4 basilisks
  8 hungry ghosts
  5 neqoxecs
  A warg (shapeshifter) (Vaults:4)
  28 vampire mosquitoes
  7 chaos spawn
  3 spatial vortices
  6 wargs
  A harpy simulacrum (Abyss:2)
  5 insubstantial wisps
  A swamp worm (shapeshifter) (Depths:5)
  18 swamp worms
  22 soldier ants
  5 acid dragons
  Duvessa (D:5)
  3 hell hounds (Abyss:2)
  9 porcupines
  12 water moccasins
  A floating eye (D:14)
  13 swamp drakes
  2 sky beasts
  38 orc warriors
  A black bear (D:7)
  A necrophage (D:12)
  15 eyes of draining
  25 ice beasts
  An ogre (shapeshifter) (Depths:1)
  58 ogres
  A hornet zombie (D:9)
  2 phantoms
  4 wolves (Lair:6)
  8 centaurs
  A wolf (shapeshifter) (Vaults:5)
  15 crocodiles
  A boggart (Depths:2)
  2 big kobolds (D:8)
  4 earth elementals (Abyss:4)
  10 bullfrogs
  25 small abominations
  2 wyvern zombies
  Dowan (D:5)
  5 scorpions
  2 human simulacra (Vaults:1)
  32 killer bees
  26 wights
  A howler monkey (D:9)
  21 crimson imps
  3 quasits
  31 starcursed masses
  5 hounds
  3 bullfrog zombies
  2 jellies
  23 orc priests
  22 orc wizards
  2 bullfrog skeletons
  A gnoll shaman (Orc:2)
  4 iron imps
  7 iguanas
  33 worker ants
  2 hound zombies
  A worker ant zombie (D:7)
  4 gnolls (Orc:2)
  23 adders
  8 shadow imps
  12 white imps
  5 ufetubi
  An adder zombie (D:7)
  2 worms (D:3)
  A dart slug (D:1)
  3 leopard geckos
  79 orcs
  9 bats
  9 giant cockroaches
  5 goblins
  6 hobgoblins
  13 jackals
  3 quokkas
  A ball python skeleton (D:4)
  4 frilled lizards
  22 kobolds
  A leopard gecko skeleton (D:7)
  A quokka skeleton (D:4)
  A quokka zombie (D:8)
  11 rats
  2 pillars of salt (Vaults:3)
  A plant (D:8)
  3 starspawn tentacles (Abyss:4)
2506 creatures vanquished.

Vanquished Creatures (collateral kills)
  An ice dragon (IceCv)
1 creature vanquished.

Vanquished Creatures (others)
  4 stone giants
  A jiangshi (Depths:5)
  7 yaktaur captains
  An ice dragon (Depths:1)
  3 centaur warriors
  A spriggan druid (Swamp:4)
  A wizard (Swamp:3)
  A shining eye (Slime:4)
  5 yaktaurs (Depths:2)
  A jumping spider (Vaults:5)
  A raiju (Abyss:4)
  A large abomination (Abyss:4)
  3 spriggans (Swamp:4)
  3 humans (Lair:6)
  A neqoxec (Abyss:4)
  A spatial vortex (Abyss:5)
  3 centaurs
  A starcursed mass (Abyss:4)
  An iguana (Lair:6)
  16 fungi
  2 lurking horrors
  11 plants
  13 starspawn tentacles
  3 withered plants (D:15)
85 creatures vanquished.

Grand Total: 2592 creatures vanquished

Notes
Turn   | Place    | Note
-------+----------+-------------------------------------------
     0 | D:1      | xccam the Gnoll Wanderer began the quest for the Orb.
     0 | D:1      | xccam set off with: a +2 scale mail, a +0 mace, a potion of lignification, a ration
     0 | D:1      | Reached XP level 1. HP: 26/26 MP: 1/1
    96 | D:1      | Reached XP level 2. HP: 33/33 MP: 2/2
   495 | D:1      | Reached XP level 3. HP: 38/38 MP: 3/3
   753 | D:2      | Reached skill level 1 in Invocations
   947 | D:2      | Reached skill level 1 in Short Blades
   947 | D:2      | Reached skill level 1 in Long Blades
   947 | D:2      | Reached skill level 1 in Axes
   947 | D:2      | Reached skill level 1 in Polearms
   947 | D:2      | Reached skill level 1 in Staves
   947 | D:2      | Reached skill level 1 in Slings
   947 | D:2      | Reached skill level 1 in Bows
   947 | D:2      | Reached skill level 1 in Crossbows
   947 | D:2      | Reached skill level 1 in Dodging
   947 | D:2      | Reached skill level 1 in Stealth
   947 | D:2      | Reached skill level 1 in Unarmed Combat
   947 | D:2      | Reached skill level 1 in Spellcasting
   947 | D:2      | Reached skill level 1 in Evocations
   981 | D:2      | Reached XP level 4. HP: 45/45 MP: 5/5
  1347 | D:3      | Reached skill level 1 in Conjurations
  1347 | D:3      | Reached skill level 1 in Hexes
  1347 | D:3      | Reached skill level 1 in Charms
  1347 | D:3      | Reached skill level 1 in Summonings
  1347 | D:3      | Reached skill level 1 in Necromancy
  1347 | D:3      | Reached skill level 1 in Translocations
  1347 | D:3      | Reached skill level 1 in Transmutations
  1347 | D:3      | Reached skill level 1 in Fire Magic
  1347 | D:3      | Reached skill level 1 in Ice Magic
  1347 | D:3      | Reached skill level 1 in Air Magic
  1347 | D:3      | Reached skill level 1 in Earth Magic
  1347 | D:3      | Reached skill level 1 in Poison Magic
  1412 | D:3      | Reached XP level 5. HP: 51/51 MP: 6/6
  1744 | D:4      | Found Puewkyiwn's Magic Scroll Boutique.
  1744 | D:4      | Found Nag Mio's Book Boutique.
  1754 | D:4      | Reached skill level 3 in Shields
  1808 | D:4      | Noticed an ogre
  1828 | D:4      | Killed an ogre
  1828 | D:4      | Reached XP level 6. HP: 50/57 MP: 8/8
  1996 | D:4      | Found Qunyut's Antique Armour Emporium.
  2400 | D:4      | Reached XP level 7. HP: 61/63 MP: 10/10
  2620 | D:4      | Found a staircase to the Ecumenical Temple.
  2627 | Temple   | Entered the Ecumenical Temple
  2663 | Temple   | Became a worshipper of Cheibriados the Contemplative
  2719 | D:5      | Entered Level 5 of the Dungeon
  2732 | D:5      | Found an iron altar of Okawaru.
  2734 | D:5      | Noticed Dowan
  2736 | D:5      | Noticed Duvessa
  2766 | D:5      | Killed Duvessa
  2773 | D:5      | Killed Dowan
  3078 | D:5      | Found a bloodstained altar of Trog.
  3079 | D:5      | Found the +4 arc blade {discharge, rElec}
  3794 | D:6      | Reached XP level 8. HP: 61/71 MP: 12/12
  3802 | D:6      | Reached skill level 4 in Shields
  3933 | D:6      | Reached * piety under Cheibriados
  4047 | D:6      | Reached XP level 9. HP: 70/76 MP: 14/14
  4249 | D:7      | Noticed Prince Ribbit
  4266 | D:7      | Reached ** piety under Cheibriados
  4273 | D:7      | Killed Prince Ribbit
  4460 | D:7      | Found a shimmering altar of Xom.
  4494 | D:7      | Found a sparkling altar of Nemelex Xobeh.
  4644 | D:7      | Reached skill level 5 in Maces & Flails
  4644 | D:7      | Reached skill level 5 in Throwing
  4644 | D:7      | Reached skill level 5 in Shields
  4767 | D:7      | Found a sacrificial altar of Ru.
  4790 | D:7      | Found a shattered altar of Ashenzari.
  4791 | D:7      | Noticed Joseph
  4809 | D:7      | Killed Joseph
  5199 | D:7      | Reached skill level 5 in Invocations
  5340 | D:8      | Reached *** piety under Cheibriados
  5381 | D:8      | Found a shimmering altar of Xom.
  5427 | D:8      | Found a blossoming altar of Fedhas.
  5442 | D:8      | Noticed a green ugly thing
  5452 | D:8      | Killed a green ugly thing
  5452 | D:8      | Reached XP level 10. HP: 72/85 MP: 15/17
  5550 | D:8      | Found a staircase to the Lair.
  5571 | D:8      | Reached skill level 5 in Short Blades
  5571 | D:8      | Reached skill level 5 in Long Blades
  5571 | D:8      | Reached skill level 5 in Axes
  5571 | D:8      | Reached skill level 5 in Polearms
  5571 | D:8      | Reached skill level 5 in Staves
  5571 | D:8      | Reached skill level 5 in Slings
  5571 | D:8      | Reached skill level 5 in Bows
  5571 | D:8      | Reached skill level 5 in Crossbows
  5571 | D:8      | Reached skill level 5 in Dodging
  5571 | D:8      | Reached skill level 5 in Stealth
  5571 | D:8      | Reached skill level 5 in Unarmed Combat
  5571 | D:8      | Reached skill level 5 in Spellcasting
  5571 | D:8      | Reached skill level 5 in Evocations
  5992 | D:9      | Reached **** piety under Cheibriados
  6021 | D:9      | Reached skill level 10 in Fighting
  6067 | D:9      | Noticed a two-headed ogre
  6073 | D:9      | Killed a two-headed ogre
  6073 | D:9      | Reached skill level 6 in Shields
  6304 | D:9      | Found a hide-covered altar of Uskayaw.
  6452 | D:9      | Found a staircase to the Orcish Mines.
  6525 | D:9      | Found a deep blue altar of Sif Muna.
  6651 | D:10     | Entered Level 10 of the Dungeon
  6667 | D:10     | Reached XP level 11. HP: 87/91 MP: 19/19
  6718 | D:10     | Killed an unseen horror
  6749 | D:10     | Reached ***** piety under Cheibriados
  6947 | D:10     | Found Emebif's Specialty Armours.
  7056 | D:10     | Reached skill level 5 in Conjurations
  7056 | D:10     | Reached skill level 5 in Hexes
  7056 | D:10     | Reached skill level 5 in Charms
  7056 | D:10     | Reached skill level 5 in Summonings
  7056 | D:10     | Reached skill level 5 in Necromancy
  7056 | D:10     | Reached skill level 5 in Translocations
  7056 | D:10     | Reached skill level 5 in Transmutations
  7056 | D:10     | Reached skill level 5 in Fire Magic
  7056 | D:10     | Reached skill level 5 in Ice Magic
  7056 | D:10     | Reached skill level 5 in Air Magic
  7056 | D:10     | Reached skill level 5 in Earth Magic
  7056 | D:10     | Reached skill level 5 in Poison Magic
  7115 | D:10     | Found an opulent altar of Gozag.
  7667 | D:11     | Noticed a purple ugly thing
  7668 | D:11     | Killed a purple ugly thing
  7718 | D:11     | Noticed a purple ugly thing
  7720 | D:11     | Killed a purple ugly thing
  7815 | D:11     | Noticed a green ugly thing
  7817 | D:11     | Noticed a red ugly thing
  7818 | D:11     | Noticed a manticore
  7854 | D:11     | Learned a level 3 spell: Regeneration
  8054 | D:11     | Reached skill level 7 in Shields
  8243 | D:12     | Found a portal to a secret trove of treasure.
  8316 | D:12     | Noticed a two-headed ogre
  8322 | D:12     | Killed a two-headed ogre
  8339 | D:12     | Noticed a cyan ugly thing
  8352 | D:12     | Killed a cyan ugly thing
  8411 | D:12     | Reached XP level 12. HP: 99/99 MP: 22/22
  8868 | D:12     | Reached ****** piety under Cheibriados
  9248 | Lair:1   | Entered Level 1 of the Lair of Beasts
 10351 | Lair:2   | Got a ruby-encrusted scale mail
 10352 | Lair:2   | Identified the +1 scale mail "Worragogh" {*Corrode MR+ Regen+ Int+3} (You found it on level 2 of the Lair of Beasts)
 10382 | Lair:2   | Found a snail-covered altar of Cheibriados.
 10747 | Lair:2   | Reached skill level 10 in Armour
 10747 | Lair:2   | Reached skill level 8 in Shields
 11575 | Lair:3   | Found a hole to the Spider Nest.
 12507 | Lair:4   | Found a staircase to the Swamp.
 12510 | Lair:4   | Reached XP level 13. HP: 104/106 MP: 24/24
 12749 | Lair:5   | Found a frozen archway.
 12796 | IceCv    | Entered an ice cave
 13104 | IceCv    | Noticed an ice dragon
 13114 | IceCv    | Noticed an ice dragon
 13117 | IceCv    | Killed an ice dragon
 13140 | IceCv    | Killed an ice dragon
 13747 | Lair:6   | Entered Level 6 of the Lair of Beasts
 13879 | Lair:6   | Noticed Kirke
 13891 | Lair:6   | Killed Kirke
 14103 | Lair:6   | Noticed Rupert
 14118 | Lair:6   | Killed Rupert
 14118 | Lair:6   | Reached skill level 9 in Shields
 14376 | Lair:6   | Reached XP level 14. HP: 86/114 MP: 26/26
 14406 | Lair:6   | Noticed a dire elephant
 14414 | Lair:6   | Killed a dire elephant
 14469 | Lair:6   | Noticed a dire elephant
 14481 | Lair:6   | Killed a dire elephant
 14948 | Lair:6   | Found a staircase to the Slime Pits.
 15676 | Orc:1    | Entered Level 1 of the Orcish Mines
 15682 | Orc:1    | Reached skill level 10 in Invocations
 15828 | Orc:1    | Noticed an orc warlord
 15838 | Orc:1    | Killed an orc warlord
 16557 | Orc:2    | Entered Level 2 of the Orcish Mines
 16872 | Orc:2    | Found a staircase to the Elven Halls.
 16888 | Orc:2    | Found Akikaivi's Food Emporium.
 16888 | Orc:2    | Found Reik's Book Boutique.
 16901 | Orc:2    | Reached XP level 15. HP: 51/122 MP: 18/28
 16902 | Orc:2    | Reached skill level 10 in Maces & Flails
 16902 | Orc:2    | Reached skill level 10 in Throwing
 16902 | Orc:2    | Reached skill level 10 in Shields
 17250 | Orc:2    | Noticed Snorg
 17252 | Orc:2    | Killed Snorg
 17295 | Orc:2    | Found Bucaad's Distillery.
 17295 | Orc:2    | Found Burauten's Jewellery Emporium.
 17913 | D:11     | Got a translucent falchion
 17914 | D:11     | Identified the cursed +1 falchion of Hecueraow {flame, MP-9 Str+7 Int+4 Stlth+} (You found it on level 11 of the Dungeon)
 17918 | D:11     | Got an encrusted flail
 17919 | D:11     | Identified the +4 flail "Koakh" {protect, +Inv +Fly rElec Stlth-} (You found it on level 11 of the Dungeon)
 18168 | D:13     | Found a gate to the Vaults.
 18180 | D:13     | Reached skill level 10 in Short Blades
 18180 | D:13     | Reached skill level 10 in Long Blades
 18180 | D:13     | Reached skill level 10 in Axes
 18180 | D:13     | Reached skill level 10 in Polearms
 18180 | D:13     | Reached skill level 10 in Staves
 18180 | D:13     | Reached skill level 10 in Slings
 18180 | D:13     | Reached skill level 10 in Bows
 18180 | D:13     | Reached skill level 10 in Crossbows
 18180 | D:13     | Reached skill level 10 in Dodging
 18180 | D:13     | Reached skill level 10 in Stealth
 18180 | D:13     | Reached skill level 10 in Unarmed Combat
 18180 | D:13     | Reached skill level 10 in Spellcasting
 18180 | D:13     | Reached skill level 10 in Evocations
 18943 | D:14     | Found a sacrificial altar of Ru.
 19996 | D:14     | Paralysed by a floating eye for 4 turns
 20006 | D:14     | Reached XP level 16. HP: 92/129 MP: 30/30
 20105 | D:14     | Identified Vuaraz's Volume of Entrancing Toxins
 20214 | D:15     | Entered Level 15 of the Dungeon
 20327 | D:15     | Found a shadowy altar of Dithmenos.
 20501 | D:15     | Found a staircase to the Depths.
 20813 | D:15     | Found a shadowy altar of Dithmenos.
 21331 | Swamp:1  | Entered Level 1 of the Swamp
 21427 | Swamp:1  | Reached skill level 11 in Shields
 21652 | Swamp:1  | Learned a level 1 spell: Apportation
 22609 | Swamp:2  | Noticed Frances
 22624 | Swamp:2  | Killed Frances
 23078 | Swamp:3  | Learned a level 5 spell: Dispel Undead
 23128 | Swamp:3  | Reached XP level 17. HP: 70/137 MP: 32/32
 23299 | Swamp:3  | Noticed Nikola
 23319 | Swamp:3  | Killed Nikola
 23874 | Spider:1 | Entered Level 1 of the Spider Nest
 25271 | Spider:2 | Noticed Roxanne
 25392 | Spider:2 | Killed Roxanne
 25393 | Spider:2 | Identified Roxanne's Collected Works on Shape Shifting (You took it off Roxanne on level 2 of the Spider Nest)
 25764 | Spider:2 | Reached skill level 10 in Conjurations
 25764 | Spider:2 | Reached skill level 10 in Hexes
 25764 | Spider:2 | Reached skill level 10 in Charms
 25764 | Spider:2 | Reached skill level 10 in Summonings
 25764 | Spider:2 | Reached skill level 10 in Necromancy
 25764 | Spider:2 | Reached skill level 10 in Translocations
 25764 | Spider:2 | Reached skill level 10 in Transmutations
 25764 | Spider:2 | Reached skill level 10 in Fire Magic
 25764 | Spider:2 | Reached skill level 10 in Ice Magic
 25764 | Spider:2 | Reached skill level 10 in Air Magic
 25764 | Spider:2 | Reached skill level 10 in Earth Magic
 25764 | Spider:2 | Reached skill level 10 in Poison Magic
 25812 | Spider:2 | Reached XP level 18. HP: 142/145 MP: 33/33
 25821 | Spider:2 | Reached skill level 12 in Shields
 26995 | Spider:3 | Got a pair of steaming boots
 27006 | Spider:3 | Identified the +1 pair of boots "Xian" {rElec} (You found it on level 3 of the Spider Nest)
 27304 | Spider:4 | Entered Level 4 of the Spider Nest
 27347 | Spider:4 | Noticed Arachne
 27361 | Spider:4 | Killed Arachne
 27440 | Spider:3 | Learned a level 5 spell: Borgnjor's Vile Clutch
 28603 | Spider:4 | Got a gossamer rune of Zot
 28874 | Swamp:4  | Entered Level 4 of the Swamp
 29045 | Swamp:4  | Reached XP level 19. HP: 153/153 MP: 35/35
 29174 | Swamp:4  | Noticed the 27-headed Lernaean hydra
 29177 | Swamp:4  | Killed the 27-headed Lernaean hydra
 29232 | Swamp:4  | Found the +9 scales of the Dragon King {rPois rF+ rC+ MR+}
 29732 | Swamp:4  | Got a decaying rune of Zot
 30046 | Vaults:1 | Entered Level 1 of the Vaults
 30046 | Vaults:1 | Found Rec Ipa's General Store.
 30046 | Vaults:1 | Noticed Aizul
 30053 | Vaults:1 | Killed Aizul
 30056 | Vaults:1 | Bought a potion of heal wounds for 60 gold pieces
 31205 | Vaults:1 | Reached skill level 13 in Shields
 31588 | Vaults:2 | Noticed Sojobo
 31602 | Vaults:2 | Killed Sojobo
 31923 | Vaults:2 | Reached XP level 20. HP: 60/161 MP: 16/36
 32334 | Vaults:2 | Found a staircase to the Crypt.
 32383 | Vaults:2 | Reached skill level 15 in Fighting
 33635 | Vaults:3 | Found a ruined gateway.
 33647 | Desolati | Entered the Desolation of Salt
 33716 | Desolati | Got a heavily runed jade amulet
 33717 | Desolati | Got a shimmering hand crossbow
 33817 | Desolati | Identified the +6 hand crossbow "Wownies" {venom, Str+2 Int+3} (You took it off an imperial myrmidon in the Desolation of Salt)
 33818 | Desolati | Identified the amulet "Wauceno" {Gourm rPois rC++ Int+4} (You took it off an imperial myrmidon in the Desolation of Salt)
 33908 | Desolati | Got a steaming iron ring
 33909 | Desolati | Identified the ring "Ennakkiafy" {Ice rPois Str+7 Int-3 Dex-4} (You found it in the Desolation of Salt)
 34033 | Desolati | Got a translucent glass ring
 34034 | Desolati | Identified the ring "Kuchuef" {rCorr +Inv rElec Str+5 Int-2} (You found it in the Desolation of Salt)
 34082 | Desolati | Identified the Reference Book on Assistive Earth
 34264 | Desolati | Got a smelly plate armour
 34265 | Desolati | Identified the +10 plate armour of Curiosity {Str+3 Dex+5} (You found it in the Desolation of Salt)
 34288 | Desolati | Identified the Compendium of Beguiling
 35419 | Vaults:3 | Reached XP level 21. HP: 169/169 MP: 38/38
 36461 | Vaults:4 | Reached skill level 14 in Shields
 36703 | Vaults:4 | Reached skill level 15 in Armour
 37223 | Vaults:4 | Reached skill level 15 in Invocations
 37595 | Depths:1 | Entered Level 1 of the Depths
 37607 | Depths:1 | Noticed Mara
 37616 | Depths:1 | Noticed xccam's illusion
 37946 | Depths:1 | Noticed xccam's illusion
 38114 | Depths:1 | Noticed xccam's illusion
 38115 | Depths:1 | Killed Mara
 38570 | Depths:1 | Reached XP level 22. HP: 104/177 MP: 36/40
 38585 | Depths:1 | Reached skill level 15 in Short Blades
 39091 | Depths:1 | Found a gateway to Hell.
 40106 | Depths:2 | Noticed a caustic shrike
 40109 | Depths:2 | Noticed a golden dragon
 40112 | Depths:2 | Killed a caustic shrike
 40125 | Depths:2 | Killed a golden dragon
 40265 | Depths:2 | Found a burning altar of Makhleb.
 40265 | Depths:2 | Found an ornate altar of the Wu Jian Council.
 40266 | Depths:2 | Found an iron altar of Okawaru.
 40266 | Depths:2 | Found a glowing silver altar of Zin.
 40269 | Depths:2 | Got a shimmering plate armour
 40270 | Depths:2 | Identified the +1 plate armour of Epryonu {MR+ Dex+2} (You found it on level 2 of the Depths)
 40274 | Depths:2 | Identified the Incunabulum of Glacial Transformation
 40279 | Depths:2 | Got a translucent hat
 40290 | Depths:2 | Identified the cursed +0 hat of the Accordion {MR+ Regen+} (You found it on level 2 of the Depths)
 40943 | Depths:3 | Reached XP level 23. HP: 153/185 MP: 41/41
 41037 | Depths:3 | Noticed Margery
 41050 | Depths:3 | Found Ranguskahac's General Store.
 41057 | Depths:3 | Found Irisekof's Book Emporium.
 41095 | Depths:3 | Found Zeba's Weapon Shop.
 41110 | Depths:3 | Found Nihea's Book Boutique.
 41134 | Depths:3 | Killed Margery
 41229 | Depths:3 | Bought a manual of Shields for 2097 gold pieces
 41287 | Depths:3 | Found Fulyewos's Book Emporium.
 41355 | Depths:3 | Reached skill level 15 in Shields
 41375 | Depths:3 | Reached skill level 15 in Maces & Flails
 41375 | Depths:3 | Reached skill level 15 in Throwing
 41504 | Depths:3 | Found a bloodstained altar of Trog.
 41633 | Depths:3 | Found a one-way gate leading to the halls of Pandemonium.
 41963 | Depths:4 | Found a one-way gate to the infinite horrors of the Abyss.
 41971 | Depths:4 | Paralysed by an ogre mage for 4 turns
 42305 | Depths:4 | Got a flickering granite ring
 42306 | Depths:4 | Identified the cursed ring "Kiurghom" {rC+ EV-2 Stlth+} (You found it on level 4 of the Depths)
 42507 | Depths:4 | Reached skill level 15 in Long Blades
 42507 | Depths:4 | Reached skill level 15 in Axes
 42507 | Depths:4 | Reached skill level 15 in Polearms
 42507 | Depths:4 | Reached skill level 15 in Staves
 42507 | Depths:4 | Reached skill level 15 in Slings
 42507 | Depths:4 | Reached skill level 15 in Bows
 42507 | Depths:4 | Reached skill level 15 in Crossbows
 42507 | Depths:4 | Reached skill level 15 in Dodging
 42507 | Depths:4 | Reached skill level 15 in Stealth
 42507 | Depths:4 | Reached skill level 15 in Unarmed Combat
 42507 | Depths:4 | Reached skill level 15 in Spellcasting
 42507 | Depths:4 | Reached skill level 15 in Evocations
 42959 | Depths:4 | Noticed the Enchantress
 42967 | Depths:4 | Killed the Enchantress
 43250 | Depths:4 | Found a gateway to a ziggurat.
 43269 | Depths:4 | Found a bloodstained altar of Trog.
 43611 | Depths:5 | Entered Level 5 of the Depths
 43837 | Depths:5 | Reached XP level 24. HP: 163/193 MP: 39/42
 43863 | Depths:5 | Reached skill level 16 in Shields
 43865 | Depths:5 | Noticed Mennas
 44032 | Depths:5 | Killed Mennas
 44185 | Depths:5 | Found a gate to the Realm of Zot.
 44768 | Vaults:5 | Entered Level 5 of the Vaults
 44774 | Vaults:5 | Noticed Jory
 44779 | Vaults:5 | Noticed Bai Suzhen
 45129 | Vaults:4 | Killed Bai Suzhen
 45170 | Vaults:4 | Killed Jory
 46006 | Vaults:5 | Got a silver rune of Zot
 46109 | Vaults:5 | Got a transparent amethyst amulet
 46139 | Vaults:5 | Reached XP level 25. HP: 202/202 MP: 42/42
 46179 | Vaults:5 | Reached skill level 17 in Shields
 46402 | Vaults:5 | Got a translucent lapis lazuli ring
 46555 | Vaults:5 | Found Uvaebbod's General Store.
 46555 | Vaults:5 | Found Biyqaipy's Antique Weapon Shoppe.
 46915 | Vaults:5 | Identified the ring "Icoja" {Int+5 SInv} (You took it off a fire giant on level 5 of the Vaults)
 46921 | Vaults:5 | Identified the amulet "Tikho" {-Tele +Rage Str+8 Dex+2} (You found it on level 5 of the Vaults)
 47359 | Slime:1  | Entered Level 1 of the Pits of Slime
 47599 | Slime:2  | Gained mutation: You are clumsy. (Dex -2) [a shining eye]
 47830 | Slime:3  | Noticed Dissolution
 47839 | Slime:3  | Killed Dissolution
 48110 | Slime:4  | Paralysed by a great orb of eyes for 3 turns
 48126 | Slime:4  | Gained mutation: Your natural rate of healing is unusually fast. [a shining eye]
 48126 | Slime:4  | Gained mutation: Armour fits poorly on your strangely shaped body. [a shining eye]
 48128 | Slime:4  | Gained mutation: You are very clumsy. (Dex -4) [a shining eye]
 48134 | Slime:4  | Gained mutation: Your body sometimes deteriorates upon taking damage. [a shining eye]
 48359 | Slime:5  | Entered Level 5 of the Pits of Slime
 48552 | Slime:5  | Lost mutation: Your natural rate of healing is unusually fast. [potion of mutation]
 48552 | Slime:5  | Lost mutation: Your body sometimes deteriorates upon taking damage. [potion of mutation]
 48552 | Slime:5  | Gained mutation: You do not regenerate when monsters are visible. [potion of mutation]
 48552 | Slime:5  | Gained mutation: Potions are less effective at restoring your health. [potion of mutation]
 48552 | Slime:5  | Gained mutation: You are partially covered in large bone plates. (SH +4) [potion of mutation]
 48553 | Slime:5  | Lost mutation: You do not regenerate when monsters are visible. [potion of mutation]
 48553 | Slime:5  | Lost mutation: You are very clumsy. (Dex -4) [potion of mutation]
 48553 | Slime:5  | Gained mutation: Your muscles are strong. (Str +2) [potion of mutation]
 48554 | Slime:5  | Lost mutation: Your muscles are strong. (Str +2) [potion of mutation]
 48554 | Slime:5  | Gained mutation: Your magical capacity is low. (-10% MP) [potion of mutation]
 48554 | Slime:5  | Gained mutation: Your body sometimes deteriorates upon taking damage. [potion of mutation]
 48554 | Slime:5  | Gained mutation: You possess an exceptional clarity of mind. [potion of mutation]
 48555 | Slime:5  | Lost mutation: You possess an exceptional clarity of mind. [potion of mutation]
 48555 | Slime:5  | Lost mutation: Armour fits poorly on your strangely shaped body. [potion of mutation]
 48555 | Slime:5  | Lost mutation: You are clumsy. (Dex -2) [potion of mutation]
 48555 | Slime:5  | Lost mutation: Your body sometimes deteriorates upon taking damage. [potion of mutation]
 48555 | Slime:5  | Gained mutation: You are clumsy. (Dex -2) [potion of mutation]
 48555 | Slime:5  | Gained mutation: Your muscles are strong. (Str +2) [potion of mutation]
 48649 | Slime:5  | Reached skill level 18 in Shields
 48649 | Slime:5  | Reached XP level 26. HP: 194/211 MP: 39/39
 48701 | Slime:5  | Noticed the Royal Jelly
 48715 | Slime:5  | Killed the Royal Jelly
 49083 | Slime:5  | Got a slimy rune of Zot
 49097 | Slime:5  | Identified a scroll of acquirement
 49142 | Slime:5  | Got a warped amethyst amulet
 49143 | Slime:5  | Identified the amulet "Gytaenai" {+Rage +Fly rF+ Dex+2} (You found it on level 5 of the Pits of Slime)
 49180 | Slime:5  | Got a flickering granite ring
 49181 | Slime:5  | Identified the ring of Tulips {rCorr rC++} (You found it on level 5 of the Pits of Slime)
 49662 | Depths:4 | Voluntarily entered the Abyss.
 50566 | Abyss:2  | Gained mutation: Your magical capacity is very low. (-20% MP) [a neqoxec]
 50599 | Abyss:2  | Gained mutation: You do not regenerate when monsters are visible. [a neqoxec]
 51006 | Abyss:3  | Found a corrupted altar of Lugonu.
 51047 | Abyss:3  | Found a corrupted altar of Lugonu.
 51564 | Abyss:4  | Lost mutation: You do not regenerate when monsters are visible. [a neqoxec]
 51612 | Abyss:4  | Noticed an ancient lich
 51629 | Abyss:4  | Killed an ancient lich
 51973 | Abyss:5  | Entered Level 5 of the Abyss
 52062 | Abyss:5  | Reached skill level 19 in Shields
 52062 | Abyss:5  | Reached XP level 27. HP: 119/219 MP: 33/35
 52096 | Abyss:5  | Found a corrupted altar of Lugonu.
 52118 | Abyss:5  | Got an abyssal rune of Zot
 52239 | Depths:4 | Escaped the Abyss
 52520 | D:4      | Bought a scroll of acquirement for 572 gold pieces
 52839 | Zot:1    | Entered Level 1 of the Realm of Zot
 52982 | Zot:1    | Noticed an orb of fire
 53000 | Zot:1    | Gained mutation: You are very clumsy. (Dex -4) [an orb of fire]
 53001 | Zot:1    | Killed an orb of fire
 54001 | Zot:2    | Reached skill level 15 in Conjurations
 54001 | Zot:2    | Reached skill level 15 in Hexes
 54001 | Zot:2    | Reached skill level 15 in Charms
 54001 | Zot:2    | Reached skill level 15 in Summonings
 54001 | Zot:2    | Reached skill level 15 in Necromancy
 54001 | Zot:2    | Reached skill level 15 in Translocations
 54001 | Zot:2    | Reached skill level 15 in Transmutations
 54001 | Zot:2    | Reached skill level 15 in Fire Magic
 54001 | Zot:2    | Reached skill level 15 in Ice Magic
 54001 | Zot:2    | Reached skill level 15 in Air Magic
 54001 | Zot:2    | Reached skill level 15 in Earth Magic
 54001 | Zot:2    | Reached skill level 15 in Poison Magic
 54040 | Zot:2    | Killed from afar by a shadow dragon

Vault maps used:
D:1:      minmay_arrival_hallway, minmay_tromino_v4_b
D:2:      kennysheep_generic_room_12
D:4:      temple_green, first_ration, serial_shops, nicolae_shop_stone,
          nicolae_shop_trees, shop, hangedman_minor_gate_pass
D:5:      bloody_trog, okawaru_ov_weapons_minmay, uniq_duvessa
D:7:      nemelex_altar_shiori, ashenzari_conservatory_becter,
          lemuel_round_altar, basic_altar, grunt_ogre_cave,
          small_statue_intersection, uniq_joseph, uniq_prince_ribbit1
D:8:      kennysheep_little_box, kennysheep_mini_moat, david_lair_shrubbed
D:9:      overflow_temple_1_default, lemuel_blue_sif_altar, orc_0_dummy
D:10:     basic_altar, nicolae_barding_shop
D:11:     minivault_12
D:12:     enter_trove_1
D:13:     lightli_vaults_fourway_checkpoint
D:14:     cheibrodos_hippocracy, hangedman_ru_absence, hangedman_corner_corridor
D:15:     gammafunk_depths_entry_grave, basic_altar, grunt_dithmenos_smoke,
          hangedman_abyss_or_decor_stagger, library_closet
Temple:   nicolae_temple_figure_eight
Lair:1:   special_room, infiniplex_staircase_pool
Lair:2:   kennysheep_snail_temple
Lair:3:   spider_nest_entry_a
Lair:4:   minmay_swamp_entry_worms
Lair:5:   portal_ice_cave_entry_ice_beasts, grunt_forest_small_clearings
Lair:6:   hangedman_lair_in_review, guppyfry_lair_end_dragon,
          dpeg_slime_entry_corner, columned_hall_lemuel, serial_bayou_shore_b,
          uniq_kirke, uniq_rupert
Swamp:1:  hangedman_swamp_diagram
Swamp:2:  nicolae_swamp_round_clearing, uniq_frances
Swamp:3:  evilmike_swamp_ruin_house_2, grunt_witch_cave, uniq_nikola
Swamp:4:  grunt_swamp_rune_castle, swamp_pool1, hangedman_swamp_lotus,
          lightli_tree_ring
Spider:1: lemuel_spider_zombies
Spider:2: zaba_anthell, uniq_roxanne
Spider:4: grunt_spider_rune_parallel, spiders_nest_ghost_moth_duel, uniq_arachne
Slime:3:  dissolution_awaits
Slime:4:  uniq_dissolution
Orc:2:    st_orc_ogre_mass, nicolae_orc_lava_room, uniq_snorg
Vaults:1: vaults_room_door_hall, vaults_mumra_chevron, hangedman_vaults_stagger,
          nicolae_vaults_network_quinsquares, nicolae_vaults_twisting_passages,
          v_misc_14, hangedman_vaults_nails, ontoclasm_vaults_bender,
          ontoclasm_vaults_tryst, v_misc_31, v_misc_15, hangedman_vaults_impose,
          vaults_room_pool, serial_shops, shop, uniq_aizul
Vaults:2: v_misc_4, nicolae_vaults_network_barrier, v_misc_13,
          nicolae_vaults_network_star, vaults_dpeg_cross, vaults_room_fours,
          ontoclasm_vaults_loading_screen, uniq_sojobo
Vaults:3: ontoclasm_vaults_fault, v_misc_13, hangedman_vaults_nodes,
          vaults_standard_mumra_enter_the_diamond, hangedman_vaults_impose,
          ontoclasm_vaults_twist, nicolae_vaults_ring_of_whatevers, v_misc_23,
          nicolae_vaults_big_angled_halls, vaults_mumra_minichess,
          portal_desolation_entry_garden
Vaults:4: st_diamondy, ontoclasm_vaults_loading_screen, nicolae_vaults_theta,
          v_alt_pattern_6, nicolae_vaults_yaktaur_gun_rack, v_pattern_5,
          v_misc_26, grunt_vaults_bifocal, v_alt_pattern_6
Vaults:5: uniq_jory, uniq_bai_suzhen
Depths:1: grunt_hell_entry_demonic_statue, grunt_decor_fettered,
          bh_walls_and_bars, infiniplex_staircase_pool_lava, uniq_mara
Depths:2: minmay_the_grid_octo_tiled_squarecenter_mashed, hell_entry,
          infiniplex_staircase_star
Depths:3: grunt_twist_and_shout, hell_entry, grunt_pan_entry_spiral,
          serial_shops, nicolae_shop_waterfront, shop, shop,
          nicolae_shop_competitors_out_of_business, nicolae_shop_trees,
          evilmike_spriggan_trog_shrine, firewood_loft,
          infiniplex_staircase_zigzag_2, uniq_margery
Depths:4: spriggan_forest, serial_shops, abyss_entry, hell_entry
Depths:5: evilmike_zot_entry_diamond, rand_demon_pan_entry_3,
          pf_dread_powers_of_hell, minmay_misc_feat_more_columns, uniq_mennas
Zot:1:    grunt_megastairs_5
Zot:2:    kennysheep_six_static_rooms, lemuel_golem_globe
Abyss:2:  minivault_11
Abyss:4:  grunt_abyss_rune_forest_and_sorcery
Abyss:5:  evilmike_abyss_exit_vortex, kilobyte_mutagenic_chamber,
          evilmike_abyss_rune_elephants_shrine, minivault_27
IceCv:    ice_cave_small_dragons

Skill      XL: |  1  2  3  4  5  6  7  8  9 10 11 12 13 14 15 16 17 18 19 20 21 22 23 24 25 26 27 |
---------------+----------------------------------------------------------------------------------+-----
Invocations    | 1 2 3 4 5 6 7 8 9 10 11 12 13 14 15 16 17 18 | 18.7
Short Blades   | 1 2 3 4 5 6 7 8 9 10 11 12 13 14 15 16 17 18 | 18.4
Long Blades    | 1 2 3 4 5 6 7 8 9 10 11 12 13 14 15 16 17 | 17.3
Axes           | 1 2 3 4 5 6 7 8 9 10 11 12 13 14 15 16 17 | 17.3
Polearms       | 1 2 3 4 5 6 7 8 9 10 11 12 13 14 15 16 17 | 17.3
Staves         | 1 2 3 4 5 6 7 8 9 10 11 12 13 14 15 16 17 | 17.3
Slings         | 1 2 3 4 5 6 7 8 9 10 11 12 13 14 15 16 17 | 17.3
Bows           | 1 2 3 4 5 6 7 8 9 10 11 12 13 14 15 16 17 | 17.3
Crossbows      | 1 2 3 4 5 6 7 8 9 10 11 12 13 14 15 16 17 | 17.3
Dodging        | 1 2 3 4 5 6 7 8 9 10 11 12 13 14 15 16 17 | 17.3
Stealth        | 1 2 3 4 5 6 7 8 9 10 11 12 13 14 15 16 17 | 17.3
Unarmed Combat | 1 2 3 4 5 6 7 8 9 10 11 12 13 14 15 16 17 | 17.3
Spellcasting   | 1 2 3 4 5 6 7 8 9 10 11 12 13 14 15 16 17 | 17.3
Evocations     | 1 2 3 4 5 6 7 8 9 10 11 12 13 14 15 16 17 | 17.3
Conjurations   | 1 2 3 4 5 6 7 8 9 10 11 12 13 14 15 | 15.0
Hexes          | 1 2 3 4 5 6 7 8 9 10 11 12 13 14 15 | 15.0
Charms         | 1 2 3 4 5 6 7 8 9 10 11 12 13 14 15 | 15.0
Summonings     | 1 2 3 4 5 6 7 8 9 10 11 12 13 14 15 | 15.0
Necromancy     | 1 2 3 4 5 6 7 8 9 10 11 12 13 14 15 | 15.0
Translocations | 1 2 3 4 5 6 7 8 9 10 11 12 13 14 15 | 15.0
Transmutations | 1 2 3 4 5 6 7 8 9 10 11 12 13 14 15 | 15.0
Fire Magic     | 1 2 3 4 5 6 7 8 9 10 11 12 13 14 15 | 15.0
Ice Magic      | 1 2 3 4 5 6 7 8 9 10 11 12 13 14 15 | 15.0
Air Magic      | 1 2 3 4 5 6 7 8 9 10 11 12 13 14 15 | 15.0
Earth Magic    | 1 2 3 4 5 6 7 8 9 10 11 12 13 14 15 | 15.0
Poison Magic   | 1 2 3 4 5 6 7 8 9 10 11 12 13 14 15 | 15.0
Maces & Flails | 3 4 5 6 7 8 9 10 11 12 13 14 15 16 17 | 17.5
Throwing       | 3 4 5 6 7 8 9 10 11 12 13 14 15 16 17 | 17.5
Shields        | 3 4 5 6 7 8 9 10 11 12 13 14 15 16 18 19 | 19.6
Armour         | 7 8 9 10 11 12 13 14 15 16 17 18 | 18.2
Fighting       | 9 10 11 12 13 14 15 16 17 18 | 18.7

Action                   |  1- 3 |  4- 6 |  7- 9 | 10-12 | 13-15 | 16-18 | 19-21 | 22-24 | 25-27 || total
-------------------------+-------+-------+-------+-------+-------+-------+-------+-------+-------++-------
Melee: Mace              |   122 |   202 |    92 |       |       |       |       |       |       ||   416
       Bite              |     7 |    27 |    48 |   107 |   179 |   310 |   324 |   242 |   341 ||  1585
       Punch             |       |     2 |     7 |    19 |    62 |       |       |       |       ||    90
       Rapier            |       |       |   165 |   490 |   853 |  1401 |       |       |       ||  2909
       Morningstar       |       |       |       |       |    33 |   210 |  1240 |     1 |       ||  1484
       Broad axe         |       |       |       |       |       |       |   131 |  1124 |  1356 ||  2611
 Fire: Hand crossbow     |       |       |       |       |       |       |   129 |   219 |   105 ||   453
Throw: Javelin           |       |     2 |       |     6 |     4 |    16 |     3 |       |       ||    31
 Cast: Regeneration      |       |       |       |     5 |    33 |    59 |    46 |    32 |    62 ||   237
       Borgnjor's Vile C |       |       |       |       |       |     8 |    16 |     2 |    15 ||    41
       Apportation       |       |       |       |       |       |     1 |       |       |       ||     1
Invok: Slouch            |       |       |       |     2 |    10 |     8 |    16 |    17 |    14 ||    67
       Temporal Distorti |       |       |       |       |       |     1 |     1 |       |     2 ||     4
       Step From Time    |       |       |       |       |       |       |     1 |     1 |     2 ||     4
Evoke: Wand              |       |       |       |     2 |    20 |    12 |    12 |     5 |       ||    51
       Lightning rod     |       |       |       |       |       |     4 |     2 |       |       ||     6
  Use: Potion            |       |     4 |     1 |       |     2 |     1 |     1 |     3 |    11 ||    23
       Scroll            |       |       |       |    25 |     9 |     7 |    17 |    12 |    17 ||    87
 Stab: Sleeping          |       |       |     1 |     3 |       |     1 |       |       |       ||     5
       Distracted        |       |       |       |     1 |       |     1 |       |     1 |     2 ||     5
       Confused          |       |       |       |       |     1 |     1 |       |       |       ||     2
       Held in net/web   |       |       |       |       |       |     1 |       |       |       ||     1
  Eat: Chunk             |       |     5 |     9 |    12 |    18 |    11 |    13 |     8 |     2 ||    78
       Ration            |       |       |       |     1 |     1 |     3 |     4 |     3 |     6 ||    18
Armor: Scale mail        |    99 |   119 |   154 |    26 |       |       |       |       |       ||   398
       Skin              |       |     3 |       |       |       |       |       |       |       ||     3
       Plate armour      |       |       |       |   280 |   477 |   649 |    42 |       |       ||  1448
       Ice dragon scales |       |       |       |       |     7 |       |       |       |       ||     7
       Gold dragon scale |       |       |       |       |       |       |   728 |   497 |   307 ||  1532
Dodge: Dodged            |    68 |   137 |   186 |   473 |   773 |  1198 |   956 |   659 |   419 ||  4869
Block: Other             |       |       |       |       |   154 |     1 |       |       |       ||   155
       Reflection        |       |       |       |       |     3 |     9 |    66 |   106 |    24 ||   208
       Buckler           |       |       |       |       |       |  1121 |  1005 |   279 |       ||  2405
       Large shield      |       |       |       |       |       |       |       |  1380 |  1810 ||  3190

Table legend:
 A = Spawn XP
 B = Non-spawn XP
 C = Spawn XP percentage of total XP
 D = Spawn monster count
 E = Non-spawn monster count
 F = Spawn count percentage of total count
 G = Total turns spent on level
                    A         B        C        D         E        F      G
               +---------+---------+-------+---------+---------+-------+---------
         Total |   86185 | 1285515 |   6.3 |     150 |    2359 |   6.0 | 54040
               +---------+---------+-------+---------+---------+-------+---------
           D:1 |       0 |      34 |   0.0 |       0 |      23 |   0.0 |   565
           D:2 |       0 |      65 |   0.0 |       0 |      18 |   0.0 |   600
           D:3 |       0 |     124 |   0.0 |       0 |      29 |   0.0 |   579
           D:4 |       0 |     498 |   0.0 |       0 |      21 |   0.0 |   979
           D:5 |       0 |     472 |   0.0 |       0 |       8 |   0.0 |  1071
           D:6 |       0 |    1202 |   0.0 |       0 |      23 |   0.0 |   507
           D:7 |       0 |    2014 |   0.0 |       0 |      32 |   0.0 |  1120
           D:8 |       0 |    1857 |   0.0 |       0 |      29 |   0.0 |   877
           D:9 |       0 |    2001 |   0.0 |       0 |      21 |   0.0 |   765
          D:10 |       0 |    3798 |   0.0 |       0 |      36 |   0.0 |  1042
          D:11 |       0 |    7629 |   0.0 |       0 |      26 |   0.0 |   842
          D:12 |       0 |    5383 |   0.0 |       0 |      32 |   0.0 |  1185
          D:13 |       0 |   11889 |   0.0 |       0 |      42 |   0.0 |  1218
          D:14 |       0 |   13949 |   0.0 |       0 |      43 |   0.0 |  1382
          D:15 |       0 |   22058 |   0.0 |       0 |      58 |   0.0 |  1466
        Lair:1 |       0 |    4925 |   0.0 |       0 |      41 |   0.0 |   947
        Lair:2 |       0 |    3322 |   0.0 |       0 |      13 |   0.0 |  1133
        Lair:3 |       0 |    1816 |   0.0 |       0 |       8 |   0.0 |   917
        Lair:4 |       0 |    1552 |   0.0 |       0 |       9 |   0.0 |  1095
        Lair:5 |       0 |    6349 |   0.0 |       0 |      28 |   0.0 |   458
        Lair:6 |       0 |   26951 |   0.0 |       0 |      62 |   0.0 |  1898
       Swamp:1 |       0 |    8416 |   0.0 |       0 |      18 |   0.0 |   691
       Swamp:2 |       0 |   15665 |   0.0 |       0 |      33 |   0.0 |   981
       Swamp:3 |       0 |   18981 |   0.0 |       0 |      46 |   0.0 |   911
       Swamp:4 |       0 |   37450 |   0.0 |       0 |      70 |   0.0 |   934
      Spider:1 |       0 |   29166 |   0.0 |       0 |      83 |   0.0 |  1325
      Spider:2 |       0 |   24147 |   0.0 |       0 |      91 |   0.0 |  1069
      Spider:3 |       0 |   10733 |   0.0 |       0 |      30 |   0.0 |  1133
      Spider:4 |       0 |   48095 |   0.0 |       0 |     103 |   0.0 |  1375
       Slime:1 |       0 |    7557 |   0.0 |       0 |      13 |   0.0 |   187
       Slime:2 |       0 |   12315 |   0.0 |       0 |      16 |   0.0 |   297
       Slime:3 |       0 |   23409 |   0.0 |       0 |      16 |   0.0 |   283
       Slime:4 |       0 |   30359 |   0.0 |       0 |      32 |   0.0 |   580
       Slime:5 |       0 |   55398 |   0.0 |       0 |      42 |   0.0 |   574
         Orc:1 |       0 |    5406 |   0.0 |       0 |      43 |   0.0 |  1105
         Orc:2 |       0 |   23852 |   0.0 |       0 |      90 |   0.0 |   870
      Vaults:1 |       0 |   29734 |   0.0 |       0 |      58 |   0.0 |  1704
      Vaults:2 |       0 |   55058 |   0.0 |       0 |      63 |   0.0 |  2424
      Vaults:3 |       0 |   26672 |   0.0 |       0 |      48 |   0.0 |  1244
      Vaults:4 |       0 |   65117 |   0.0 |       0 |      74 |   0.0 |  2004
      Vaults:5 |       0 |  109987 |   0.0 |       0 |      87 |   0.0 |  1595
      Depths:1 |       0 |   61768 |   0.0 |       0 |      98 |   0.0 |  1415
      Depths:2 |       0 |   74409 |   0.0 |       0 |      81 |   0.0 |  1527
      Depths:3 |       0 |   46773 |   0.0 |       0 |      63 |   0.0 |  1096
      Depths:4 |       0 |   72404 |   0.0 |       0 |     115 |   0.0 |  1838
      Depths:5 |       0 |   58453 |   0.0 |       0 |      47 |   0.0 |   857
         Zot:1 |       0 |   53526 |   0.0 |       0 |      27 |   0.0 |   756
         Zot:2 |       0 |   45712 |   0.0 |       0 |      26 |   0.0 |   445
       Abyss:1 |    6624 |    6964 |  48.7 |      14 |      24 |  36.8 |   589
       Abyss:2 |   23482 |   10496 |  69.1 |      41 |      29 |  58.6 |   750
       Abyss:3 |    2923 |       0 | 100.0 |       9 |       0 | 100.0 |   198
       Abyss:4 |   41498 |   23710 |  63.6 |      63 |      57 |  52.5 |   774
       Abyss:5 |   11658 |   15696 |  42.6 |      23 |      13 |  63.9 |   266
         IceCv |       0 |    5032 |   0.0 |       0 |      20 |   0.0 |   549
    Desolation |       0 |   55167 |   0.0 |       0 |     101 |   0.0 |   994
               +---------+---------+-------+---------+---------+-------+---------
